AoeStats
← Dafixios

Arabia

507382406Analyzed
1v1 RM · 15d ago on Sep 18, 2026· 45m 15s· 2 players
Game mode
Random Map
Map size
Tiny (2 player)
Population
200
Speed
Normal
Resources
Standard
Victory
Conquest
Starting age
Dark Age
Ending age
Imperial Age
RankedLock teamsTeams togetherTeam positionsShared explorationLock speedFull tech treeHidden civsTurbo modeCheats
Victory
Defeat
🇲🇽 Japanese · Mexico
1211
+16
🇺🇸 Ethiopians · United States
1212
-16
Dafixios
6:24 Loom
8:59 Feudal Age
13:37 Wheelbarrow
20:21 Castle Age
19:03 Double-Bit Axe
19:52 Padded Archer Armor
19:46 Fletching
20:25 Elite Skirmisher
21:41 Bodkin Arrow
24:00 Town Watch
28:27 Scale Barding Armor
31:01 Ballistics
31:15 Town Patrol
34:51 Imperial Age
33:35 Chain Barding Armor
34:07 Husbandry
34:33 Masonry
34:53 Hand Cart
34:53 Bloodlines
36:03 Bow Saw
36:00 Horse Collar
37:02 Bracer
37:05 Guard Tower
38:15 Chemistry
39:23 Heavy Cavalry Archer
42:20 Keep
41:30 Arrowslits
45:20 Yasama
mEriEndo
6:18 Loom
9:22 Feudal Age
10:02 Double-Bit Axe
10:17 Town Watch
13:35 Padded Archer Armor
15:04 Fletching
19:19 Horse Collar
23:51 Castle Age
23:28 Scale Barding Armor
23:34 Forging
23:57 Gold Mining
24:03 Elite Skirmisher
26:16 Husbandry
29:06 Bow Saw
28:59 Heavy Plow
29:16 Stone Mining
31:11 Wheelbarrow
36:12 Imperial Age
36:26 Hand Cart
37:11 Chain Barding Armor
37:57 Chemistry
37:06 Cavalier
39:56 Thumb Ring
40:00 Crossbowman
43:22 Arbalester
44:19 Leather Archer Armor
45:09 Ballistics
Connection lost

Rejoining the realm…

Still unreachable

The connection could not be restored.

Session expired

The server has moved on; the page needs a fresh start.